 Dungeon Crawl Stone Soup version 0.24.1-5-g77f818bfca (webtiles) character file.

Game seed: 17781773768031855461, levelgen mode: deterministic

25 l0ser140 the Sneak (level 2, -2/15 HPs)
             Began as a Vampire Enchanter on Apr 24, 2020.
             Slain by a goblin
             ... wielding a +0 club
              (4 damage)
             ... on level 1 of the Dungeon.
             The game lasted 00:06:46 (713 turns).

l0ser140 the Sneak (Vampire Enchanter)               Turns: 713, Time: 00:06:47

Health: -2/15      AC:  2    Str:  7    XL:     2   Next: 82%
Magic:  4/5        EV: 13    Int: 17    God:
Gold:   32         SH:  0    Dex: 14    Spells: 4/5 levels left

rFire    . . .     SeeInvis +   a - +1 dagger
rCold    + + .     Gourm    .   (no shield)
rNeg     + + +     Faith    .   b - +0 robe
rPois    ∞         Spirit   .   (no helmet)
rElec    .         Reflect  .   (no cloak)
rCorr    .         Harm     .   (no gloves)
MR       .....                  (no boots)
Stlth    +++++.....             (no amulet)
HPRegen  0.00/turn              (no ring)
MPRegen  0.09/turn              (no ring)

@: bloodless
A: no food, fangs 3, see invisible, unbreathing
a: Revivify


You were on level 1 of the Dungeon.
You were bloodless.

You visited 1 branch of the dungeon, and saw 2 of its levels.

You collected 32 gold pieces.

Inventory:

Hand Weapons
 a - a +1 dagger (weapon)
Armour
 b - a +0 robe (worn)
 c - a +0 leather armour
Jewellery
 h - a cursed amulet of inaccuracy {unknown}
Scrolls
 d - a scroll of remove curse {unknown}
 e - 2 scrolls of identify {unknown}
 g - a scroll of enchant weapon {unknown}
Potions
 f - 2 potions of invisibility {unknown}
 i - a potion of heal wounds {unknown}


   Skills:
 + Level 1.7 Short Blades
 + Level 2.5 Dodging
 + Level 4.8 Stealth
 + Level 2.2 Spellcasting
 + Level 4.7 Hexes


You had 4 spell levels left.
You knew the following spells:

 Your Spells              Type           Power        Failure   Level  Hunger
a - Corona                Hex            ###....      2%          1    N/A

Your spell library contained the following spells:

 Spells                   Type           Power        Failure   Level  Hunger
 Confuse                  Hex            ###.....     8%          3    N/A
 Tukima's Dance           Hex            ###.....     8%          3    N/A
 Ensorcelled Hibernation  Hex/Ice        ##....       11%         2    N/A
 Dazzling Spray           Conj/Hex       ##....       22%         3    N/A

Dungeon Overview and Level Annotations

Branches:
Dungeon (2/15)

Altars:


Innate Abilities, Weirdness & Mutations

You do not eat.
You do not regenerate when monsters are visible.
You are frail without blood (-20% HP).
You can heal yourself when you bite living creatures.
You are immune to poison.
You have razor-sharp teeth.
You have supernaturally acute eyesight. (SInv)
You can survive without breathing.


Message History

Press: ? - help, Shift-Dir - straight line, f - goblin
Aim: a goblin, wielding a +0 club (chance to defeat MR: 73%)
The goblin barely resists.
The goblin hits you with a +0 club.
Casting: Corona (safe; 2% risk of failure)
Confirm with . or Enter, or press ? or * to list all spells.
Aiming: Corona (safe; 2% risk of failure)
Press: ? - help, Shift-Dir - straight line, f/p - goblin
Aim: a goblin, wielding a +0 club (chance to defeat MR: 73%)
The goblin is outlined in light.
The goblin closely misses you. The goblin hits you with a +0 club.
* * * LOW HITPOINT WARNING * * *
You hit the goblin but do no damage. The goblin misses you.
The goblin hits you with a +0 club.
* * * LOW HITPOINT WARNING * * *
The goblin hits you but does no damage.
The goblin stops glowing.
There is an open door, spattered with blood here.
Okay, then.
The goblin hits you with a +0 club.
You die...

#....#
#############....#
#...>.............
#'#...#.....####.#
#.#...#.....####..
#g#..g#.........##
#.#...............
#g#....##.......##
#@#....########)#
#<#....# #.#
#.#....# #.##
#.#....# #...
#.###### #.## #.#
### #(# #### #'#
#... #.# ###'##


You could see 2 goblins.

Vanquished Creatures
  A worm (D:1)
  2 dart slugs (D:1)
  A leopard gecko (D:1)
  2 giant cockroaches (D:1)
  3 hobgoblins
  A kobold (D:1)
  A frilled lizard (D:1)
  4 goblins (D:1)
15 creatures vanquished.

Notes
Turn   | Place    | Note
-------+----------+-------------------------------------------
     0 | D:1      | l0ser140 the Vampire Enchanter began the quest for the Orb.
     0 | D:1      | Reached XP level 1. HP: 13/13 MP: 3/3
    66 | D:1      | Reached XP level 2. HP: 15/15 MP: 5/5
   713 | D:1      | Slain by a goblin

Levels and vault maps discovered:
D:1:      evilmike_arrival_run_for_it, layout_basic
D:2:      layout_rooms

Action                   || total
-------------------------++-------
Melee: Dagger            ||    86
       Bite              ||     3
 Cast: Corona            ||    16
 Abil: Exsanguinate      ||     1
 Stab: Sleeping          ||     5
Armor: Robe              ||    10
Dodge: Dodged            ||    59
